 Dungeon Crawl Stone Soup version 0.22.1-1-ga44c0e5 (webtiles) character file.

436 MalarOregon the Chiller (level 7, -5/51 HPs)
             Began as a Merfolk Ice Elementalist on Nov 11, 2018.
             Shot with an arrow by a centaur (14 damage)
             ... on level 5 of the Dungeon.
             The game lasted 00:12:02 (4848 turns).

MalarOregon the Chiller (Merfolk Ice Elementalist)  Turns: 4848, Time: 00:12:03

Health: -5/51      AC:  4    Str:  8    XL:     7   Next: 1%
Magic:  10/11      EV: 14    Int: 16    God:
Gold:   180        SH:  0    Dex: 15    Spells: 5/12 levels left

rFire    . . .     SeeInvis .   j - +3 trident (freeze)
rCold    . . .     Gourm    .   (no shield)
rNeg     . . .     Faith    .   a - +0 robe
rPois    .         Spirit   .   o - +1 helmet
rElec    .         Reflect  .   (no cloak)
rCorr    .         Harm     .   (no gloves)
MR       +....                  (no boots)
Stlth    ++........             r - amulet of the acrobat
HPRegen  0.17/turn              l - ring of protection from magic
MPRegen  0.12/turn              (no ring)

@: about to teleport
A: change form in water, swift swim, stealthy swim
a: no special abilities


You were on level 5 of the Dungeon.
You were hungry.

You visited 2 branches of the dungeon, and saw 6 of its levels.

You collected 180 gold pieces.

Inventory:

Hand Weapons
 j - a +3 trident of freezing (weapon)
   (You took it off Terence on level 3 of the Dungeon)
 q - a +3 quarterstaff of chaos
   (You took it off Crazy Yiuf on level 3 of the Dungeon)
Missiles
 t - 6 curare-tipped needles {!f}
Armour
 a - a +0 robe (worn)
 n - a +2 cloak
   (You took it off Crazy Yiuf on level 3 of the Dungeon)
 o - a +1 helmet (worn)
   (You took it off Robin on level 3 of the Dungeon)
Jewellery
 l - a ring of protection from magic (left hand)
   (You found it on level 1 of the Dungeon)
 r - an amulet of the acrobat (around neck)
   (You found it on level 4 of the Dungeon)
Wands
 g - a wand of enslavement (9)
   (You took it off Ijyb on level 3 of the Dungeon)
Scrolls
 v - 2 scrolls of identify {@r1}
Potions
 b - 2 potions of might {unknown}
 c - 6 potions of curing {@q1}
 d - a potion of cancellation {unknown}
 f - a potion of haste {unknown}
 i - a potion of mutation {unknown}
 k - 2 potions of lignification {unknown}
 m - 2 potions of heal wounds {unknown}
 p - a potion of flight {unknown}
Comestibles
 e - 7 rations {!d}
 s - 6 chunks of flesh


   Skills:
 + Level 2.6 Fighting
 + Level 4.4 Dodging
 - Level 2.1 Stealth
 + Level 3.1 Spellcasting
 + Level 1.9 Conjurations
 + Level 2.0 Summonings
 * Level 5.4 Ice Magic


You had 5 spell levels left.
You knew the following spells:

 Your Spells              Type           Power        Failure   Level  Hunger
a - Freeze                Ice            ###.         1%          1    #......
d - Summon Ice Beast      Ice/Summ       ##......     36%         4    #####..
x - Throw Frost           Conj/Ice       ##....       6%          2    ##.....

Your spell library contained the following spells:

 Spells                   Type           Power        Failure   Level  Hunger
 Ozocubu's Armour         Chrm/Ice       ##......     19%         3    ###....
 Throw Icicle             Conj/Ice       ##......     38%         4    #####..


Dungeon Overview and Level Annotations

Branches:
Dungeon (5/15)             Temple (1/1) D:4

Altars:
Cheibriados
Elyvilon
Gozag
Hepliaklqana
Kikubaaqudgha
Makhleb
Nemelex Xobeh
Qazlal
Sif Muna
Trog
Vehumet
Xom
Yredelemnul
Zin

Shops:
D:4 :


Message History

The centaur skeleton hits you.
Aim: a hound (lightly wounded)
You freeze the hound. The hound bites you but does no damage.
The centaur skeleton closely misses you.
Aim: a hound (heavily wounded)
You freeze the hound. The hound bites you. The centaur skeleton hits you.
The hound bites you.
Aim: a hound (severely wounded)
You freeze the hound.
You kill the hound!
The centaur skeleton barely misses you.
Unknown command.
You puncture the centaur skeleton! The centaur skeleton misses you.
The centaur skeleton hits you but does no damage.
You hit the centaur skeleton. The centaur skeleton barely misses you.
The centaur skeleton hits you!
* * * LOW HITPOINT WARNING * * *
You are too injured to fight recklessly!
You hit the centaur skeleton. The centaur skeleton hits you.
* * * LOW HITPOINT WARNING * * *
The centaur skeleton hits you but does no damage.
You puncture the centaur skeleton!
The centaur skeleton completely misses you.
You puncture the centaur skeleton!
You destroy the centaur skeleton!
Your Summonings skill increases to level 2!
You have reached level 7!
A dart slug comes into view.
You see here a hound corpse.
You butcher the hound corpse.
Things that are here:
3 chunks of flesh; a hound skeleton
s - 6 chunks of flesh (gained 3)
You are feeling hungry.
A centaur comes into view.
The centaur shouts!
The centaur wields a shortbow.
The centaur shoots an arrow.
The arrow hits you!
* * * LOW HITPOINT WARNING * * *
You see here an arrow.
The centaur shoots an arrow.
The arrow misses you.
You see here an arrow.
The centaur shoots an arrow.
The arrow completely misses you.
You see here an arrow.
You hear the slow rusting of a very distant drain.
The centaur shoots an arrow.
The arrow hits you!
* * * LOW HITPOINT WARNING * * *
You see here an arrow.
As you read the scroll of teleportation {@r4}, it crumbles to dust.
You feel strangely unstable.
The centaur shoots an arrow.
The arrow hits you!
You die...

#..##..#.c.. ...#
.......##..# ....#
#......##..##....##
#..........(.......
..........(.....##
.##......##....#
..##.รท...(#######
#..+.......c.....+
...#...##..##...@#
...#...##..##....#
#..##......#######
#..##.......#
#..#>.......#
#..#........#
#..##.......#
#'###.......#
#..#...##..##


You could see a centaur.

Vanquished Creatures
  A hound (D:5)
  A centaur skeleton (D:5)
  Ijyb (D:3)
  Terence (D:3)
  An orc wizard (D:4)
  3 worker ants (D:4)
  Robin (D:3)
  3 gnolls (D:3)
  4 adders
  4 oozes
  2 adder skeletons
  4 worms
  A dart slug (D:1)
  4 leopard geckos
  4 orcs (D:4)
  6 giant cockroaches
  14 goblins
  10 hobgoblins
  4 jackals (D:5)
  2 quokkas (D:4)
  8 bats
  5 frilled lizards
  6 kobolds
  A leopard gecko skeleton (D:4)
  4 rats
95 creatures vanquished.

Vanquished Creatures (collateral kills)
  Crazy Yiuf (D:3)
1 creature vanquished.

Grand Total: 96 creatures vanquished

Notes
Turn   | Place    | Note
-------+----------+-------------------------------------------
     0 | D:1      | MalarOregon the Merfolk Ice Elementalist began the quest
                  | for the Orb.
     0 | D:1      | Reached XP level 1. HP: 13/13 MP: 3/3
   148 | D:1      | Reached XP level 2. HP: 19/20 MP: 0/5
   203 | D:1      | Learned a level 2 spell: Throw Frost
   626 | D:1      | Reached skill level 1 in Fighting
   709 | D:1      | Reached XP level 3. HP: 24/26 MP: 2/6
   878 | D:1      | Reached skill level 4 in Ice Magic
  1238 | D:2      | Found an opulent altar of Gozag.
  1272 | D:2      | Found a sparkling altar of Nemelex Xobeh.
  1499 | D:2      | Reached XP level 4. HP: 20/32 MP: 1/7
  1624 | D:2      | Learned a level 4 spell: Summon Ice Beast
  1893 | D:2      | Found a shattered altar of Ashenzari.
  1899 | D:2      | Found a sparkling altar of Nemelex Xobeh.
  1899 | D:2      | Found a stormy altar of Qazlal.
  1901 | D:2      | Found an iron altar of Okawaru.
  1901 | D:2      | Found a snail-covered altar of Cheibriados.
  1901 | D:2      | Found a shimmering altar of Xom.
  2094 | D:3      | Noticed Ijyb
  2102 | D:3      | Killed Ijyb
  2102 | D:3      | Reached skill level 1 in Conjurations
  2182 | D:3      | Found a runed door.
  2480 | D:3      | Reached XP level 5. HP: 38/38 MP: 2/8
  2525 | D:3      | Noticed Terence
  2714 | D:3      | Killed Terence
  2908 | D:3      | Noticed Robin
  2918 | D:3      | Reached skill level 1 in Summonings
  2932 | D:3      | Killed Robin
  3203 | D:3      | Found a burning altar of Makhleb.
  3541 | D:3      | Noticed Crazy Yiuf
  3549 | D:3      | Killed Crazy Yiuf
  3594 | D:4      | Found a staircase to the Ecumenical Temple.
  3629 | Temple   | Entered the Ecumenical Temple
  3854 | D:4      | Found Kuvvajafo's Book Shop.
  3859 | D:4      | Reached XP level 6. HP: 44/44 MP: 6/10
  3949 | D:4      | Reached skill level 5 in Ice Magic
  4192 | D:4      | Found a stormy altar of Qazlal.
  4749 | D:5      | Entered Level 5 of the Dungeon
  4829 | D:5      | Reached XP level 7. HP: 21/51 MP: 8/11
  4848 | D:5      | Shot with an arrow by a centaur

Skill      XL: |  1  2  3  4  5  6 |
---------------+-------------------+-----
Dodging        | 3 4 |  4.4
Fighting       | 1 2 |  2.6
Ice Magic      | 4 5 |  5.4
Conjurations   | 1 |  1.9
Summonings     | 1 2 |  2.0
Spellcasting   | 3 |  3.1
Stealth        | |  2.1

Action                   |  1- 3 |  4- 6 |  7- 9 || total
-------------------------+-------+-------+-------++-------
Melee: Unarmed           |    10 |     3 |       ||    13
       Trident           |       |    78 |       ||    78
       Spear             |       |    14 |       ||    14
 Cast: Freeze            |    64 |    63 |       ||   127
       Throw Frost       |     3 |    14 |       ||    17
       Summon Ice Beast  |       |     1 |       ||     1
  Use: Scroll            |     2 |     5 |     1 ||     8
 Stab: Sleeping          |       |     7 |       ||     7
       Distracted        |       |     1 |       ||     1
  Eat: Chunk             |     3 |    12 |       ||    15
Armor: Robe              |     9 |    28 |       ||    37
Dodge: Dodged            |    36 |   113 |     2 ||   151
